 Dungeon Crawl Stone Soup version 0.16.2-12-gd0ad4c3 (webtiles) character file.

88 dvd the Conjurer (level 4, -1/24 HPs)
             Began as a Deep Elf Conjurer on Oct 10, 2015.
             Killed by divine providence
             ... invoked by an orc priest
              (11 damage)
             ... on level 3 of the Dungeon.
             The game lasted 00:13:38 (2644 turns).

dvd the Conjurer (Deep Elf Conjurer)                Turns: 2644, Time: 00:13:38

Health: -1/24      AC:  5    Str:  5    XL:     4   Next: 30%
Magic:  6/15       EV: 13    Int: 21    God:
Gold:   142        SH:  0    Dex: 15    Spells: 4 memorised, 1 level left

rFire  . . .     SeeInvis .     a - +1 dagger (speed)
rCold  . . .     Clarity  .     k - +0 robe
rNeg   . . .     SustAb   .     (no shield)
rPois  .         Gourm    .     j - +0 helmet
rElec  .         Spirit   .     g - +0 cloak
rCorr  .         Warding  .     x - +0 pair of gloves
rMut   .         Stasis   .     (no boots)
MR     .....                    (no amulet)
Stlth  ++........               (no ring)
                                (no ring)

@: not resistant to hostile enchantments, unstealthy
A: no striking features
a: no special abilities


You were on level 3 of the Dungeon.
You were not hungry.

You visited 1 branch of the dungeon, and saw 4 of its levels.

You collected 142 gold pieces.

Inventory:

Hand weapons
 a - a +1 dagger of speed (weapon)
 m - a +0 short sword
Missiles
 l - 2 javelins (quivered)
Armour
 g - a +0 cloak (worn)
 j - a +0 helmet (worn)
 k - a +0 robe (worn)
 o - a +0 robe
 w - a +0 leather armour
 x - a +0 pair of gloves (worn)
Scrolls
 i - a scroll of random uselessness {unknown}
 n - 4 scrolls of teleportation {unknown}
 p - a scroll of remove curse {unknown}
 q - 6 scrolls of identify {unknown}
 s - a scroll of immolation {unknown}
 t - a scroll of enchant armour {unknown}
 v - a scroll of recharging {unknown}
Potions
 e - a potion of might {unknown}
 h - 2 potions of resistance {unknown}
Books
 c - a book of Conjurations

   Spells                             Type                      Level
   a - Magic Dart                     Conjuration                  1
   b - Searing Ray                    Conjuration                  2
   c - Dazzling Spray                 Conjuration/Hexes            3
   d - Fulminant Prism                Conjuration/Hexes            4
   e - Iskenderun's Mystic Blast      Conjuration                  4
   f - Iskenderun's Battlesphere      Conjuration/Charms           5
Comestibles
 b - 3 bread rations
 f - 2 slices of pizza
 r - a beef jerky


   Skills:
 + Level 2.7 Dodging
 + Level 2.5 Stealth
 + Level 4.0 Spellcasting
 + Level 5.8 Conjurations


You had one spell level left.
You knew the following spells:

 Your Spells              Type           Power        Failure   Level  Hunger
a - Magic Dart            Conj           ####         1%          1    None
b - Searing Ray           Conj           ####..       1%          2    #......
c - Dazzling Spray        Conj/Hex       ###.....     14%         3    ###....
d - Iskenderun's Mystic   Conj           ####....     14%         4    ####...


Dungeon Overview and Level Annotations

Branches:
Dungeon (4/15)
 Temple: D:4-7

Altars:
Fedhas


Message History

Aim: a quokka The searing ray hits the quokka.
You kill the quokka!
The searing ray hits the orc.
You kill the orc!
The orc priest hits you but does no damage.
The orc priest hits you with a flail.
* * * LOW HITPOINT WARNING * * *
Drink which item? (? for menu, Esc to quit)
You feel better.
Casting: Searing Ray
Confirm with . or Enter, or press ? or * to list all spells.
Aiming: Searing Ray
Press: ? - help, Shift-Dir - straight line, f - orc priest
Aim: an orc priest, wielding a flail and wearing a leather armour (heavily wounded)
The searing ray hits the orc priest.
The orc priest is severely wounded.
The orc priest mumbles some strange prayers to Beogh against you.
Something smites you!
You die...

####.....)..)).........#
#...(.#.###.....(......#
####.#..##.#
#.....<......#
.......###.#
#...........## ###...##
#.# #.......)..## #.###
#.# #..........# ###.###
#.# ##.......### ##....#
#.####.o).>.## ......#
#......@##### #######
#.......# #.......#
#.......# ##..)...# ♣♣
#....>.# .♣♣ #......#
_.♣ #......# ♣.♣
#......#


You could see an orc priest.

Vanquished Creatures
  An adder (D:2)
  A giant mite (D:1)
  6 giant geckos
  2 oozes
  6 orcs
  8 goblins
  4 hobgoblins
  2 jackals (D:2)
  8 kobolds
  6 bats
  2 giant cockroaches
  5 giant newts
  3 quokkas
  6 rats
60 creatures vanquished.

Notes
Turn   | Place    | Note
--------------------------------------------------------------
     0 | D:1      | dvd, the Deep Elf Conjurer, began the quest for the Orb.
     0 | D:1      | Reached XP level 1. HP: 10/10 MP: 5/5
   337 | D:1      | Reached XP level 2. HP: 9/15 MP: 6/8
   529 | D:1      | Learned a level 2 spell: Searing Ray
   680 | D:1      | Reached skill level 5 in Conjurations
  1172 | D:2      | Reached XP level 3. HP: 19/19 MP: 5/11
  1556 | D:2      | Learned a level 3 spell: Dazzling Spray
  1969 | D:3      | Reached XP level 4. HP: 24/24 MP: 7/14
  2200 | D:3      | Learned a level 4 spell: Iskenderun's Mystic Blast
  2563 | D:3      | Found a blossoming altar of Fedhas.
  2637 | D:3      | HP: 1/24 [orc priest/divine providence (8)]
  2644 | D:3      | Killed from afar by an orc priest

Action                   |  1- 3 |  4- 6 || total
-------------------------+-------+-------++-------
Melee: Unarmed           |     5 |       ||     5
       Dagger            |     8 |     1 ||     9
 Cast: Magic Dart        |    43 |     1 ||    44
       Searing Ray       |    17 |     8 ||    25
       Dazzling Spray    |     1 |     3 ||     4
  Use: Potion            |       |     2 ||     2
 Stab: Sleeping          |     1 |       ||     1
  Eat: Chunk             |     4 |     2 ||     6
